 Dungeon Crawl Stone Soup version 0.23.0 (webtiles) character file.

Game seed: 1190691369379980992

216 LLavrengius the Chopper (level 5, -1/48 HPs)
             Began as a Hill Orc Fighter on Feb 17, 2019.
             Was an Initiate of Makhleb.
             Slain by Grinder (6 damage)
             ... on level 4 of the Dungeon.
             The game lasted 00:08:03 (2600 turns).

LLavrengius the Chopper (Hill Orc Fighter)          Turns: 2600, Time: 00:08:04

Health: -1/48      AC:  5    Str: 20    XL:     5   Next: 93%
Magic:  5/5        EV:  8    Int:  8    God:    Makhleb [......]
Gold:   220        SH:  9    Dex: 10    Spells: 4/4 levels left

rFire    . . .     SeeInvis +   a - +0 war axe
rCold    . . .     Gourm    .   c - +0 shield
rNeg     . . .     Faith    .   y - +0 leather armour of the Endless Expanse {SInv} (curse)
rPois    .         Spirit   .   (no helmet)
rElec    .         Reflect  .   w - +0 cloak
rCorr    .         Harm     .   (no gloves)
MR       .....                  e - +0 pair of boots
Stlth    +.........             (no amulet)
HPRegen  0.16/turn              (no ring)
MPRegen  0.09/turn              (no ring)

@: no status effects
A: no striking features
a: Renounce Religion


You were on level 4 of the Dungeon.
You worshipped Makhleb.
Makhleb was noncommittal.
You were very hungry.

You visited 2 branches of the dungeon, and saw 5 of its levels.

You collected 220 gold pieces.

Inventory:

Hand Weapons
 a - a +0 war axe (weapon)
 r - a +0 blowgun
Missiles
 s - 2 curare-tipped needles
 x - 7 tomahawks (quivered)
Armour
 b - a +0 scale mail
 c - a +0 shield (worn)
 e - a +0 pair of boots (worn)
 q - a +0 plate armour
 w - a +0 cloak (worn)
 y - the cursed +0 leather armour of the Endless Expanse (worn) {SInv}
   (You found it on level 4 of the Dungeon)

   It lets you see invisible.
   It has a curse placed upon it.
Jewellery
 o - a +2 ring of evasion {unknown}
Scrolls
 i - 5 scrolls of identify
 j - 5 scrolls of teleportation
 n - a scroll of remove curse {unknown}
 p - a scroll of amnesia {unknown}
 u - a scroll of magic mapping {unknown}
Potions
 d - a potion of might
 g - a potion of berserk rage {unknown}
 h - 3 potions of curing
 k - a potion of ambrosia {unknown}
 l - 2 potions of heal wounds {unknown}
 m - 2 potions of brilliance {unknown}
 t - a potion of lignification {unknown}
 v - a potion of agility {unknown}
 z - a potion of flight {unknown}
Comestibles
 f - 6 rations


   Skills:
 + Level 5.2 Fighting
 + Level 5.4 Axes
 - Level 4.0 Armour
 - Level 4.0 Shields
 * Level 0.0 Invocations


You had 4 spell levels left.
You didn't know any spells.
Your spell library was empty.

Dungeon Overview and Level Annotations

Branches:
Dungeon (4/15)             Temple (1/1) D:4

Altars:
Ashenzari
Cheibriados
Dithmenos
Elyvilon
Kikubaaqudgha
Makhleb
Okawaru
Qazlal
Ru
Vehumet
Zin

Annotations:
D:4 Grinder


Message History

You completely miss the plant. Grinder gestures at you.
You suddenly lose the ability to move!
Grinder gestures at you. You resist with significant effort. Grinder hits you!
You writhe in agony.
You are feeling very hungry.
Grinder says, "Wait up."
Grinder hits you.
You writhe in agony.
Grinder hits you.
You writhe in agony.
* * * LOW HITPOINT WARNING * * *
You can move again.
You are too injured to fight recklessly!
Unknown command.
You closely miss Grinder.
Grinder is moderately wounded.
You hit the plant but do no damage. x3; Grinder hits you!
* * * LOW HITPOINT WARNING * * *
You writhe in agony.
You die...

#.....###............####.<..
#......###..##........###....
#.......#......##............
##>............#.###.##...#..
#####............##.##...#..
#.....#...#......#......
###..#.....#.....##.....
#....#5PP............>..
##....@>.P.............
#...P..P..............
##.......##...........
#......###.........##
###................
#.......##.#.....
#..#....#........#
#..#.....<........
#.....##.##.##...##


You could see Grinder.

Vanquished Creatures
  A worker ant (D:4)
  9 adders
  3 gnolls (D:3)
  A worm (D:3)
  A dart slug (D:1)
  A leopard gecko (D:1)
  An orc (D:3)
  5 bats
  6 giant cockroaches
  10 goblins
  8 hobgoblins
  5 jackals
  A quokka (D:3)
  7 frilled lizards
  15 kobolds
  6 rats
80 creatures vanquished.

Notes
Turn   | Place    | Note
-------+----------+-------------------------------------------
     0 | D:1      | LLavrengius the Hill Orc Fighter began the quest for the
                  | Orb.
     0 | D:1      | Reached XP level 1. HP: 19/19 MP: 1/1
    37 | D:1      | Reached XP level 2. HP: 25/27 MP: 2/2
   213 | D:1      | Reached XP level 3. HP: 28/33 MP: 3/3
   412 | D:2      | Found a shattered altar of Ashenzari.
   613 | D:2      | Reached XP level 4. HP: 40/40 MP: 4/4
  1187 | D:3      | Reached XP level 5. HP: 47/47 MP: 5/5
  1402 | D:2      | Found an iron altar of Okawaru.
  1549 | D:3      | Reached skill level 5 in Axes
  1997 | D:3      | Reached skill level 5 in Fighting
  2316 | D:4      | Got a slimy mace
  2323 | D:4      | Identified the +2 mace of Huir {flame, Str+3 Int+3} (You
                  | found it on level 4 of the Dungeon)
  2379 | D:4      | Got a transparent leather armour
  2390 | D:4      | Identified the cursed +0 leather armour of the Endless
                  | Expanse {SInv} (You found it on level 4 of the Dungeon)
  2390 | D:4      | Found a staircase to the Ecumenical Temple.
  2439 | D:4      | Noticed Grinder
  2439 | D:4      | Paralysed by Grinder for 4 turns
  2451 | D:4      | Paralysed by Grinder for 4 turns
  2464 | Temple   | Entered the Ecumenical Temple
  2472 | Temple   | Became a worshipper of Makhleb the Destroyer
  2596 | D:4      | Paralysed by Grinder for 4 turns
  2600 | D:4      | Slain by Grinder

Skill      XL: |  1  2  3  4  5 |
---------------+----------------+-----
Fighting       | 4 5 |  5.2
Axes           | 3 4 5 |  5.4
Armour         | 4 |  4.0
Shields        | 4 |  4.0

Action                   |  1- 3 |  4- 6 || total
-------------------------+-------+-------++-------
Melee: War axe           |   107 |   164 ||   271
  Use: Scroll            |       |     2 ||     2
  Eat: Chunk             |       |     5 ||     5
Armor: Scale mail        |    61 |    76 ||   137
Dodge: Dodged            |    49 |    40 ||    89
Block: Shield            |    58 |    94 ||   152
